[Event "ESP-ch Rapid 2018"]
[Site "Linares"]
[Date "2018.08.19"]
[Round "1"]
[White "Salgado Lopez, Ivan"]
[Black "Sanjuan Garcia, Miguel"]
[Result "1-0"]
[ECO "B80"]
[WhiteElo "2643"]
[BlackElo "2115"]
[Annotator "RC"]
[PlyCount "84"]
[EventDate "2018.08.19"]
[EventType "team-tourn"]
[EventCountry "ESP"]
[SourceTitle "playchess.com"]
[Source "ChessBase"]
[SourceQuality "1"]
[TimeControl "900+5"]

1. e4 c5 2. Nf3 e6 3. d4 cxd4 4. Nxd4 Nf6 5. Nc3 d6 6. g3 Nc6 7. Bg2 Bd7 8. Nb3 Be7 9. O-O a6 10. a4 Rb8 11. a5 O-O 12. Be3 Ne5 13. Nd2 Bc6 14. f4 Ned7 15. Nb3 e5 16. f5 Nc5 17. Nxc5 dxc5 18. Qe2 b5 19. axb6 Qxb6 20. Ra2 Bb5 21. Nxb5 Qxb5 22. Qxb5 axb5 23. Bf3 Rfc8 24. Ra7 Bf8 25. g4 h6 26. h4 c4 27. g5 hxg5 28. hxg5 Ne8 29. Rd1 Rd8 30. Rxd8 Rxd8 31. Kg2 Rc8 32. Bh5 Rc7 33. Ra8 Nd6 34. Kf3 Rc8 35. Ra5 f6 36. gxf6 gxf6 37. Ra7 b4 38. Rd7 b3 39. c3 Nb5 40. Bf7+ Kh8 41. Be6 Ba3 42. Rd1 Rc7 1-0

[Event "ESP-ch Rapid 2018"]
[Site "Linares"]
[Date "2018.08.19"]
[Round "1"]
[White "Fernandez Garcia, Jose Miguel"]
[Black "Izquierdo Puertas, Carlos"]
[Result "1-0"]
[ECO "B20"]
[WhiteElo "2404"]
[BlackElo "2010"]
[Annotator "ChessBase"]
[PlyCount "95"]
[EventDate "2018.08.19"]
[EventType "team-tourn"]
[EventCountry "ESP"]
[SourceTitle "playchess.com"]
[Source "ChessBase"]
[SourceQuality "1"]
[TimeControl "900+5"]

1. e4 c5 2. b3 Nc6 3. Bb2 d6 4. Bb5 Qb6 5. Nc3 e6 6. f4 a6 7. Bxc6+ Qxc6 8. Qe2 b5 9. Nf3 Bb7 10. d3 Nf6 11. O-O b4 12. Nd1 Nd7 13. Ne3 f6 14. f5 e5 15. a3 Nb6 16. Nd2 d5 17. Qh5+ Kd8 18. Rfc1 Rc8 19. a4 d4 20. Nec4 Nd7 21. Rf1 Kc7 22. Na5 Qd6 23. Ndc4 Qe7 24. Nxb7 Kxb7 25. a5 Qe8 26. Qf3 g5 27. fxg6 Qxg6 28. Bc1 Be7 29. Qh3 Rc7 30. Rf3 Qf7 31. Bd2 Rg8 32. Raf1 Ka7 33. Rf5 Rg6 34. Nxe5 Nxe5 35. Rxe5 Qg7 36. Rh5 Bd6 37. Bf4 Bxf4 38. Rxf4 Rb7 39. Rxc5 Qe7 40. Rff5 Qd7 41. Qf3 Qg7 42. Qf2 Rd7 43. Rfd5 h6 44. g3 Rg5 45. Rxd7+ Qxd7 46. Rc4 Rxa5 47. Rxd4 Qc7 48. Rd7+ 1-0

[Event "ESP-ch Rapid 2018"]
[Site "Linares"]
[Date "2018.08.19"]
[Round "1"]
[White "Camacho Collados, Marcos"]
[Black "Fernandez Diaz, Ignacio"]
[Result "1-0"]
[ECO "A80"]
[WhiteElo "2393"]
[BlackElo "2071"]
[Annotator "NA"]
[PlyCount "55"]
[EventDate "2018.08.19"]
[EventType "team-tourn"]
[EventCountry "ESP"]
[SourceTitle "playchess.com"]
[Source "ChessBase"]
[SourceQuality "1"]
[TimeControl "900+5"]

1. d4 f5 2. Nc3 Nf6 3. Bg5 d5 4. Bxf6 exf6 5. e3 Be6 6. Bd3 Qd7 7. Nge2 Nc6 8. a3 g5 9. h4 Be7 10. Qd2 O-O-O 11. O-O-O Kb8 12. Kb1 a6 13. Nc1 Bd6 14. g3 Ne7 15. Nb3 Ng6 16. h5 Ne7 17. Na2 f4 18. exf4 gxf4 19. gxf4 Nf5 20. Qa5 c6 21. Rde1 Rde8 22. Nb4 Qc7 23. Qxc7+ Kxc7 24. Rxe6 Rxe6 25. Bxf5 Re2 26. Nd3 h6 27. Rg1 Rhe8 28. Rg6 1-0

[Event "ESP-ch Rapid 2018"]
[Site "Linares"]
[Date "2018.08.19"]
[Round "1"]
[White "Suarez Uriel, Adrian"]
[Black "Guerrero Romero, Antonio"]
[Result "1-0"]
[ECO "B12"]
[WhiteElo "2391"]
[BlackElo "1895"]
[Annotator "NA"]
[PlyCount "99"]
[EventDate "2018.08.19"]
[EventType "team-tourn"]
[EventCountry "ESP"]
[SourceTitle "playchess.com"]
[Source "ChessBase"]
[SourceQuality "1"]
[TimeControl "900+5"]

1. e4 c6 2. d4 d5 3. e5 Bf5 4. Be3 e6 5. Nd2 Nd7 6. c3 c5 7. Ngf3 Rc8 8. Be2 Ne7 9. O-O Nc6 10. a3 Be7 11. b4 cxb4 12. axb4 b6 13. Nb3 Qc7 14. Ba6 Ra8 15. Qe2 O-O 16. Rfc1 Ndb8 17. Bb5 a6 18. Bxa6 Nxa6 19. Rxa6 Rxa6 20. Qxa6 h6 21. h3 Rb8 22. Ra1 Rb7 23. Qb5 Bc2 24. Nc1 Be4 25. Nd2 Bf5 26. Ndb3 Kh7 27. Qe2 f6 28. f4 fxe5 29. fxe5 Nd8 30. Bd2 Nf7 31. Nd3 Ng5 32. Nf2 Qc6 33. Nc1 Rc7 34. Ncd3 Qc4 35. Nf4 Qxe2 36. Nxe2 Ne4 37. Nxe4 Bxe4 38. Ra8 Bh4 39. g3 Bg5 40. Bxg5 hxg5 41. Kf2 Rf7+ 42. Ke1 Bg2 43. h4 Rf1+ 44. Kd2 gxh4 45. gxh4 Bh3 46. Rb8 Rf2 47. Ke3 Rh2 48. Rxb6 Bg4 49. Nf4 Rxh4 50. Nxe6 1-0

[Event "ESP-ch Rapid 2018"]
[Site "Linares"]
[Date "2018.08.19"]
[Round "1"]
[White "Vega Gutierrez, Sabrina"]
[Black "Diaz Sanchez, Jose Francisco"]
[Result "1-0"]
[ECO "C50"]
[WhiteElo "2390"]
[BlackElo "1707"]
[Annotator "NA"]
[PlyCount "75"]
[EventDate "2018.08.19"]
[EventType "team-tourn"]
[EventCountry "ESP"]
[SourceTitle "playchess.com"]
[Source "ChessBase"]
[SourceQuality "1"]
[TimeControl "900+5"]

1. e4 e5 2. Nf3 Nc6 3. Bc4 Bc5 4. d3 Nf6 5. c3 d6 6. b4 Bb6 7. a4 a5 8. b5 Ne7 9. O-O h6 10. Na3 O-O 11. Bb3 Bg4 12. h3 Bh5 13. Nc4 c5 14. g4 Bg6 15. Nh4 Bc7 16. Ne3 b6 17. Qf3 Nh7 18. Qg3 d5 19. Nxd5 Nxd5 20. Bxd5 Kh8 21. Bxa8 Qxa8 22. f4 exf4 23. Bxf4 Bxf4 24. Rxf4 Ng5 25. Nxg6+ fxg6 26. Rxf8+ Qxf8 27. Rf1 Qe7 28. Kh2 Kh7 29. Qb8 Qe6 30. Rf8 Qa2+ 31. Kg3 Nf7 32. Qe8 Qd2 33. Qxf7 Qe3+ 34. Kg2 Qd2+ 35. Qf2 Qxd3 36. Qe1 Qc2+ 37. Kg1 Qxa4 38. e5 1-0

[Event "ESP-ch Rapid 2018"]
[Site "Linares"]
[Date "2018.08.19"]
[Round "1"]
[White "Campos Gambuti, Luis Maria"]
[Black "Orantes Taboada, Francisco"]
[Result "1/2-1/2"]
[ECO "D01"]
[WhiteElo "2382"]
[BlackElo "2242"]
[Annotator "ChessBase"]
[PlyCount "136"]
[EventDate "2018.08.19"]
[EventType "team-tourn"]
[EventCountry "ESP"]
[SourceTitle "playchess.com"]
[Source "ChessBase"]
[SourceQuality "1"]
[TimeControl "900+5"]

1. d4 Nf6 2. Nc3 d5 3. Bg5 g6 4. Bxf6 exf6 5. e3 Bg7 6. Qf3 Be6 7. Nge2 c6 8. Nf4 Bd7 9. g4 Qb6 10. O-O-O Na6 11. e4 O-O-O 12. exd5 Nb4 13. Bc4 f5 14. dxc6 Bxc6 15. d5 Bd7 16. h3 fxg4 17. hxg4 f5 18. g5 Kb8 19. a3 Na6 20. Bxa6 Qxa6 21. Rhe1 Rc8 22. Re3 Rhe8 23. Rxe8 Rxe8 24. Ne6 Bxe6 25. Qf4+ Kc8 26. dxe6 Bxc3 27. bxc3 Rxe6 28. Qb4 Qc6 29. Qd4 Re8 30. Qxa7 Qb5 31. c4 Qe5 32. Kb1 Kc7 33. Rd5 Qc3 34. Rc5+ Kd8 35. Qb6+ Ke7 36. Rc7+ Kf8 37. Qd6+ Kg8 38. Re7 Rxe7 39. Qxe7 Qxc4 40. Qxb7 Qf1+ 41. Kb2 Qxf2 42. Qd5+ Kg7 43. a4 Qb6+ 44. Qb5 Qd4+ 45. Kb3 Qe3+ 46. c3 Qxg5 47. a5 Qc1 48. Qd7+ Kh6 49. Qd4 f4 50. a6 Qb1+ 51. Ka4 Qa2+ 52. Kb5 Qb3+ 53. Ka5 Qa2+ 54. Kb6 Qb3+ 55. Kc6 Qe6+ 56. Kb7 Qb3+ 57. Ka8 Qg8+ 58. Ka7 Qf7+ 59. Kb6 Qb3+ 60. Kc5 Qa3+ 61. Kb5 Qb3+ 62. Kc5 Qa3+ 63. Kb6 Qb3+ 64. Kc7 Qf7+ 65. Kc6 Qe6+ 66. Kb5 Qb3+ 67. Kc5 Qa3+ 68. Kb6 Qb3+ 1/2-1/2

[Event "ESP-ch Rapid 2018"]
[Site "Linares"]
[Date "2018.08.19"]
[Round "1"]
[White "Galiana Fernandez, Adrian"]
[Black "Blazquez Gomez, Juan Carlos"]
[Result "1/2-1/2"]
[ECO "B01"]
[WhiteElo "2291"]
[BlackElo "2240"]
[Annotator "ChessBase"]
[PlyCount "128"]
[EventDate "2018.08.19"]
[EventType "team-tourn"]
[EventCountry "ESP"]
[SourceTitle "playchess.com"]
[Source "ChessBase"]
[SourceQuality "1"]
[TimeControl "900+5"]

1. e4 d5 2. exd5 Nf6 3. Bb5+ Bd7 4. Bc4 b5 5. Bb3 a5 6. a4 bxa4 7. Bxa4 Bxa4 8. Rxa4 Nxd5 9. Nf3 e6 10. O-O Be7 11. d4 O-O 12. Bd2 Nc6 13. Rc4 Qd7 14. Ne5 Nxe5 15. dxe5 Rfd8 16. Qh5 f5 17. exf6 Bxf6 18. Bg5 Qf7 19. Qxf7+ Kxf7 20. Bxf6 Kxf6 21. Nc3 Rab8 22. b3 Rb4 23. Nxd5+ Rxd5 24. Rxc7 Rd2 25. Ra1 a4 26. bxa4 Rxa4 27. Rc1 Re4 28. Rc3 Ree2 29. Rf3+ Ke7 30. c3 Rc2 31. Rb1 Rb2 32. Rf1 e5 33. h4 e4 34. Re3 Rxe3 35. fxe3 Re2 36. Rc1 Kd6 37. c4 Rxe3 38. Kf2 Ra3 39. g4 Rh3 40. h5 g6 41. hxg6 hxg6 42. c5+ Kc6 43. Rc4 e3+ 44. Ke2 Rg3 45. Kd3 g5 46. Ke2 Rh3 47. Kd3 Kd5 48. Rc1 Kc6 49. Ke4 e2 50. Re1 Rh2 51. Kf5 Kxc5 52. Kxg5 Kd4 53. Kf6 Rf2+ 54. Kg6 Ke3 55. g5 Rf1 56. Rxe2+ Kxe2 57. Kh7 Rh1+ 58. Kg7 Ke3 59. g6 Ke4 60. Kf6 Rh6 61. Kf7 Kf5 62. g7 Rf6+ 63. Ke7 Rg6 64. Kf7 Rxg7+ 1/2-1/2

[Event "ESP-ch Rapid 2018"]
[Site "Linares"]
[Date "2018.08.19"]
[Round "1"]
[White "Martin Rueda, Daniel"]
[Black "Vazquez Gonzalez, Francisco"]
[Result "1-0"]
[ECO "A80"]
[WhiteElo "2267"]
[BlackElo "1926"]
[Annotator "NA"]
[PlyCount "71"]
[EventDate "2018.08.19"]
[EventType "team-tourn"]
[EventCountry "ESP"]
[SourceTitle "playchess.com"]
[Source "ChessBase"]
[SourceQuality "1"]
[TimeControl "900+5"]

1. d4 f5 2. Bg5 Nf6 3. Bxf6 exf6 4. e3 c6 5. c4 Bb4+ 6. Nc3 Qa5 7. Nge2 d5 8. a3 Bxc3+ 9. Nxc3 dxc4 10. Bxc4 b5 11. Ba2 b4 12. axb4 Qxb4 13. O-O Ba6 14. Re1 Bc4 15. Qh5+ g6 16. Qh6 Bxa2 17. Rxa2 Qf8 18. Qf4 Qf7 19. e4 O-O 20. exf5 Re8 21. Rxe8+ Qxe8 22. Ra1 g5 23. Qd6 Kf7 24. Qc7+ Qe7 25. Qc8 Qd7 26. Qh8 Qxf5 27. Re1 Kg6 28. Qg8+ Kh6 29. Re3 g4 30. Qf8+ Kg5 31. Ne4+ Kg6 32. Qe8+ Kh6 33. Ng3 Qb1+ 34. Re1 Qg6 35. Qf8+ Qg7 36. Nf5+ 1-0

[Event "ESP-ch Rapid 2018"]
[Site "Linares"]
[Date "2018.08.19"]
[Round "1"]
[White "Jimenez Martinez, Jose Vicente"]
[Black "Ladron De Guevara Bravo, Fermin"]
[Result "1-0"]
[ECO "D44"]
[WhiteElo "2243"]
[BlackElo "1672"]
[Annotator "NA"]
[PlyCount "55"]
[EventDate "2018.08.19"]
[EventType "team-tourn"]
[EventCountry "ESP"]
[SourceTitle "playchess.com"]
[Source "ChessBase"]
[SourceQuality "1"]
[TimeControl "900+5"]

1. d4 d5 2. c4 e6 3. Nf3 c6 4. Nc3 dxc4 5. Bg5 Nf6 6. e4 b5 7. e5 h6 8. Bh4 g5 9. Nxg5 hxg5 10. Bxg5 Be7 11. exf6 Bxf6 12. Bxf6 Qxf6 13. Be2 Bb7 14. Bf3 Nd7 15. Nxb5 Ke7 16. Nc3 Nb6 17. Ne4 Qf4 18. Nc5 Rab8 19. g3 Qf6 20. Ne4 Qg7 21. Qd2 Rhd8 22. Qb4+ Ke8 23. Nd6+ Kd7 24. Qc5 Nd5 25. Nxc4 Kc7 26. Rc1 Ba6 27. Ne5 Bb7 28. Nxc6 1-0

[Event "ESP-ch Rapid 2018"]
[Site "Linares"]
[Date "2018.08.19"]
[Round "1"]
[White "Carretero Ortiz, Francisco"]
[Black "Fernandez Lopez, Marcos II"]
[Result "1-0"]
[ECO "C41"]
[WhiteElo "2241"]
[BlackElo "1780"]
[Annotator "NA"]
[PlyCount "23"]
[EventDate "2018.08.19"]
[EventType "team-tourn"]
[EventCountry "ESP"]
[SourceTitle "playchess.com"]
[Source "ChessBase"]
[SourceQuality "1"]
[TimeControl "900+5"]

1. e4 e5 2. Nf3 d6 3. Bc4 Be7 4. d4 exd4 5. c3 dxc3 6. Qb3 cxb2 7. Bxf7+ Kf8 8. Bxb2 Bf6 9. e5 dxe5 10. Bxg8 Rxg8 11. Ba3+ Ke8 12. Qxg8+ {[%emt 0:00:07] Be7 Ng5+} 1-0

[Event "ESP-ch Rapid 2018"]
[Site "Linares"]
[Date "2018.08.19"]
[Round "1"]
[White "Silva Rodriguez, Fernando"]
[Black "Lozano Aguilar, Juan Francisco"]
[Result "1-0"]
[ECO "D20"]
[WhiteElo "2239"]
[BlackElo "1776"]
[Annotator "NA"]
[PlyCount "49"]
[EventDate "2018.08.19"]
[EventType "team-tourn"]
[EventCountry "ESP"]
[SourceTitle "playchess.com"]
[Source "ChessBase"]
[SourceQuality "1"]
[TimeControl "900+5"]

1. d4 d5 2. c4 dxc4 3. e4 Nf6 4. e5 Nd5 5. Bxc4 Nb6 6. Bd3 Nc6 7. Be3 Nd5 8. Nc3 e6 9. Nge2 Nxe3 10. fxe3 Qg5 11. Qd2 Bb4 12. O-O Nxd4 13. Nxd4 Qxe5 14. Rf3 Bd7 15. Qc2 Bd6 16. g3 c5 17. Ndb5 Bb8 18. Be4 Bc6 19. Bxc6+ bxc6 20. Na3 Qh5 21. Qe4 O-O 22. Rf2 Bc7 23. Nc4 Rad8 24. Qxc6 Be5 25. Qxc5 1-0

[Event "ESP-ch Rapid 2018"]
[Site "Linares"]
[Date "2018.08.19"]
[Round "1"]
[White "Sande Edreira, Jose Antonio"]
[Black "Roldan Marques, Daniel"]
[Result "1-0"]
[ECO "A20"]
[WhiteElo "2230"]
[BlackElo "2161"]
[Annotator "NA"]
[PlyCount "57"]
[EventDate "2018.08.19"]
[EventType "team-tourn"]
[EventCountry "ESP"]
[SourceTitle "playchess.com"]
[Source "ChessBase"]
[SourceQuality "1"]
[TimeControl "900+5"]

1. c4 e5 2. g3 Nf6 3. Bg2 c6 4. d4 e4 $11 {[%emt 0:00:02] LiveBook: 139 Partien} 5. Nc3 d5 6. cxd5 cxd5 7. Bg5 Nc6 8. Nh3 Bxh3 9. Bxh3 Be7 10. O-O O-O 11. e3 Nd7 12. Bxe7 Nxe7 13. Qb3 Nb6 14. a4 Rb8 15. Rfc1 f5 16. Bf1 Qd7 17. a5 Na8 18. Rc2 Nc7 19. Rac1 Ne6 20. Nb5 a6 21. Nc7 Ng5 22. Nxd5 Nxd5 23. Rc5 Rbd8 24. Rxd5 Qf7 25. Bc4 Nf3+ 26. Kh1 Nd2 27. Rxd8 Nxb3 28. Bxf7+ Kxf7 29. Rc7+ 1-0

[Event "ESP-ch Rapid 2018"]
[Site "Linares"]
[Date "2018.08.19"]
[Round "1"]
[White "Gomez Sanjuan, Hector Fernando"]
[Black "Garcia Romero, Benjamin Abel"]
[Result "1-0"]
[ECO "D36"]
[WhiteElo "2146"]
[BlackElo "2230"]
[Annotator "NA"]
[PlyCount "81"]
[EventDate "2018.08.19"]
[EventType "team-tourn"]
[EventCountry "ESP"]
[SourceTitle "playchess.com"]
[Source "ChessBase"]
[SourceQuality "1"]
[TimeControl "900+5"]

1. d4 Nf6 2. c4 e6 3. Nc3 d5 4. cxd5 exd5 5. Bg5 c6 6. Qc2 Be7 7. e3 g6 8. Bd3 Na6 9. a3 Nc7 10. Nf3 Ne6 11. Bh4 O-O 12. O-O a5 13. Rab1 Ng7 14. b4 axb4 15. axb4 Bf5 16. Bxf6 Bxf6 17. b5 Bxd3 18. Qxd3 Ra3 19. bxc6 bxc6 20. Ra1 Qd6 21. Rxa3 Qxa3 22. Qc2 Rb8 23. Rb1 Rxb1+ 24. Nxb1 Qa1 25. Nfd2 Qa6 26. g3 Ne6 27. Nb3 Kg7 28. Kg2 h5 29. h4 Be7 30. N1d2 Qa4 31. Qc3 Bb4 32. Qd3 Qa2 33. Nf3 Bd6 34. Qc3 Qa3 35. Qxc6 Bxg3 36. Qxd5 Bc7 37. Nc5 Nxc5 38. dxc5 Qa7 39. c6 Kf8 40. Qd7 Qa4 41. Qxc7 1-0

[Event "ESP-ch Rapid 2018"]
[Site "Linares"]
[Date "2018.08.19"]
[Round "1"]
[White "Iglesias Leon, Francisco J"]
[Black "Ojeda Perez, Jesus"]
[Result "1-0"]
[ECO "A04"]
[WhiteElo "2129"]
[BlackElo "1659"]
[Annotator "NA"]
[PlyCount "48"]
[EventDate "2018.08.19"]
[EventType "team-tourn"]
[EventCountry "ESP"]
[SourceTitle "playchess.com"]
[Source "ChessBase"]
[SourceQuality "1"]
[TimeControl "900+5"]

1. Nf3 f5 2. b3 Nc6 3. Bb2 Nf6 4. g3 e6 5. Bg2 Bc5 6. O-O O-O 7. c4 a5 8. d3 a4 9. bxa4 d5 10. Nbd2 Bb6 11. Qc2 Nb4 12. Qb3 Nc6 13. cxd5 Nxd5 14. Nc4 Na5 15. Qc2 Nxc4 16. dxc4 Nb4 17. Qc3 Qe7 18. Rfd1 c6 19. Ne5 Rxa4 20. a3 Nc2 21. Qxc2 Ra5 22. Bc3 Rxa3 23. Rxa3 Qxa3 24. Qb2 Qc5 1-0

[Event "ESP-ch Rapid 2018"]
[Site "Linares"]
[Date "2018.08.19"]
[Round "1"]
[White "Arroyo Rodriguez, Jesus"]
[Black "Matnadze, Ana"]
[Result "1/2-1/2"]
[ECO "A05"]
[WhiteElo "2099"]
[BlackElo "2378"]
[Annotator "ChessBase"]
[PlyCount "98"]
[EventDate "2018.08.19"]
[EventType "team-tourn"]
[EventCountry "ESP"]
[SourceTitle "playchess.com"]
[Source "ChessBase"]
[SourceQuality "1"]
[TimeControl "900+5"]

1. Nf3 Nf6 2. g3 b6 3. Bg2 Bb7 4. b3 g6 5. Bb2 Bg7 6. O-O O-O 7. d3 d5 8. c4 e6 9. Nbd2 a5 10. a3 c5 11. cxd5 exd5 12. d4 Ne4 13. Qc2 Nd7 14. dxc5 Ndxc5 15. Bxg7 Kxg7 16. b4 Ne6 17. Qb2+ Qf6 18. Qxf6+ Nxf6 19. e3 Rfc8 20. Nb3 Ne4 21. bxa5 bxa5 22. Rfc1 Nc3 23. Bf1 Kf6 24. Rc2 Ne4 25. Rac1 Rxc2 26. Rxc2 g5 27. Nfd4 a4 28. Nxe6 fxe6 29. Nd4 e5 30. Nb5 Rc8 31. Bd3 Rxc2 32. Bxc2 Nc5 33. Bxh7 e4 34. h4 gxh4 35. gxh4 Nd3 36. Nd4 Bc8 37. Bg8 Bb7 38. Kg2 Ne5 39. Kg3 Nc4 40. Nc2 Nd6 41. Kf4 Nb5 42. h5 Kg7 43. Be6 Kf6 44. Bg8 Kg7 45. Be6 Kf6 46. Bd7 Nc3 47. h6 Ne2+ 48. Kg4 Nc3 49. Kf4 Ba6 1/2-1/2

[Event "ESP-ch Rapid 2018"]
[Site "Linares"]
[Date "2018.08.19"]
[Round "1"]
[White "Crespo Ruiz, Manuel Maria"]
[Black "Tejedor Fuente, Enrique"]
[Result "0-1"]
[ECO "D03"]
[WhiteElo "2026"]
[BlackElo "2408"]
[Annotator "NA RC"]
[PlyCount "61"]
[EventDate "2018.08.19"]
[EventType "team-tourn"]
[EventCountry "ESP"]
[SourceTitle "playchess.com"]
[Source "ChessBase"]
[SourceQuality "1"]
[TimeControl "900+5"]

1. d4 Nf6 2. Nf3 d5 3. Bg5 Nbd7 4. e3 h6 5. Bh4 c5 6. Nbd2 b6 7. c3 Bb7 8. Bd3 g6 9. O-O Bg7 10. Qe2 O-O 11. Ne5 Ne4 12. f4 Nxd2 13. Qxd2 Nf6 14. g4 Ne4 15. Qe2 Kh7 16. Rad1 f6 17. Nf3 a5 18. c4 Qc8 19. h3 dxc4 20. Bxc4 Nd6 21. Bd3 c4 22. Bc2 Qc6 23. d5 Qc5 24. Qd2 Rac8 25. Bf2 c3 26. bxc3 Qxc3 27. Qxc3 Rxc3 28. Ba4 b5 29. Bb3 a4 30. Be1 Rcc8 31. Nd4 0-1

[Event "ESP-ch Rapid 2018"]
[Site "Linares"]
[Date "2018.08.19"]
[Round "1"]
[White "Hernandez Perez, Juan Carlos"]
[Black "Pallardo Lozoya, Jose Vicente"]
[Result "0-1"]
[ECO "B10"]
[WhiteElo "1946"]
[BlackElo "2382"]
[Annotator "ChessBase"]
[PlyCount "98"]
[EventDate "2018.08.19"]
[EventType "team-tourn"]
[EventCountry "ESP"]
[SourceTitle "playchess.com"]
[Source "ChessBase"]
[SourceQuality "1"]
[TimeControl "900+5"]

1. e4 c6 2. Nf3 d5 3. exd5 cxd5 4. d4 a6 5. Bd3 Bg4 6. c3 Nc6 7. O-O Nf6 8. Re1 e6 9. Bg5 Be7 10. Nbd2 Rc8 11. Nf1 Qb6 12. Rb1 Qc7 13. Ne3 Bh5 14. Bxf6 gxf6 15. Kh1 Qf4 16. Nf1 Bxf3 17. Qxf3 Qxf3 18. gxf3 Bd6 19. Ng3 h5 20. Nf5 Be7 21. Ne3 f5 22. Rg1 Kf8 23. Rbe1 Bf6 24. Ng2 Be7 25. Nf4 Rh6 26. Rg2 Bd6 27. Nh3 Ne7 28. Ng5 h4 29. h3 Bf4 30. Bc2 Rc6 31. Ba4 b5 32. Bc2 Ng6 33. a4 b4 34. Bd3 bxc3 35. bxc3 Bxg5 36. Rxg5 a5 37. Rc1 Ke7 38. Bb5 Rc7 39. Kh2 Rh8 40. Rgg1 Rhc8 41. Rg5 Rxc3 42. Rxc3 Rxc3 43. Rh5 Rxf3 44. Kg1 Rxh3 45. Rg5 Rc3 46. Kf1 Rc2 47. Ke1 Kf6 48. Rg2 Rb2 49. Be8 Rb4 0-1

[Event "ESP-ch Rapid 2018"]
[Site "Linares"]
[Date "2018.08.19"]
[Round "1"]
[White "Alonso, Jose Antonio"]
[Black "Estremera Panos, Sergio"]
[Result "0-1"]
[ECO "B40"]
[WhiteElo "1920"]
[BlackElo "2337"]
[Annotator "NA"]
[PlyCount "66"]
[EventDate "2018.08.19"]
[EventType "team-tourn"]
[EventCountry "ESP"]
[SourceTitle "playchess.com"]
[Source "ChessBase"]
[SourceQuality "1"]
[TimeControl "900+5"]

1. e4 c5 2. Nf3 e6 3. b3 Nc6 4. Bb2 d6 5. Bb5 Nf6 6. Nc3 Bd7 7. O-O Be7 8. h3 O-O 9. Re1 Qb6 10. a4 a6 11. Be2 Nd4 12. Bd3 e5 13. Nd5 Nxd5 14. exd5 f5 15. Rb1 Bf6 16. Nxd4 cxd4 17. c4 e4 18. Bf1 d3 19. Bxf6 Rxf6 20. Kh2 Qxf2 21. Re3 f4 22. Rxe4 Qg3+ 23. Kh1 f3 24. Re3 Raf8 25. Qe1 Qg5 26. Qf2 fxg2+ 27. Qxg2 Qh6 28. Bxd3 Rf2 29. Qg3 Rxd2 30. Rg1 Rff2 31. Rf3 Rxf3 32. Qxf3 Bxh3 33. Qg3 Bg2# 0-1

[Event "ESP-ch Rapid 2018"]
[Site "Linares"]
[Date "2018.08.19"]
[Round "1"]
[White "Gomez Gandolfo, Ruben"]
[Black "Gavilan Diaz, Mario"]
[Result "0-1"]
[ECO "D11"]
[WhiteElo "1855"]
[BlackElo "2334"]
[Annotator "NA"]
[PlyCount "76"]
[EventDate "2018.08.19"]
[EventType "team-tourn"]
[EventCountry "ESP"]
[SourceTitle "playchess.com"]
[Source "ChessBase"]
[SourceQuality "1"]
[TimeControl "900+5"]

1. Nf3 d5 2. d4 Nf6 3. c4 c6 4. e3 Bg4 5. h3 Bh5 6. Nc3 e6 7. Be2 Nbd7 8. O-O Bd6 9. cxd5 exd5 10. Qc2 O-O 11. b3 Re8 12. Nd2 Bxe2 13. Nxe2 Nf8 14. Bb2 Ng6 15. Qf5 h6 16. Qd3 Ne4 17. f4 Nxd2 18. Qxd2 Qe7 19. Bc1 Nh4 20. Ng3 Qf6 21. Qd3 Re7 22. Bd2 Rae8 23. Rae1 Qg6 24. Qxg6 fxg6 25. Rf2 g5 26. Ref1 gxf4 27. exf4 Kh7 28. Kh2 c5 29. Bc3 Re3 30. Bb2 g5 31. Nh5 Kg6 32. g3 Kxh5 33. Bc1 Re2 34. dxc5 Bxc5 35. f5 Nxf5 36. g4+ Kh4 37. Rg2 Rxg2+ 38. Kxg2 Re2+ 0-1

[Event "ESP-ch Rapid 2018"]
[Site "Linares"]
[Date "2018.08.19"]
[Round "1"]
[White "Gomez Fernandez, Alfredo"]
[Black "Garcia Cuenca, Victor"]
[Result "0-1"]
[ECO "B40"]
[WhiteElo "1827"]
[BlackElo "2351"]
[Annotator "ChessBase"]
[PlyCount "78"]
[EventDate "2018.08.19"]
[EventType "team-tourn"]
[EventCountry "ESP"]
[SourceTitle "playchess.com"]
[Source "ChessBase"]
[SourceQuality "1"]
[TimeControl "900+5"]

1. e4 c5 2. Nf3 e6 3. d3 Nc6 4. g3 Nge7 5. Bg2 d5 6. Nbd2 g6 7. O-O Bg7 8. Re1 O-O 9. c3 b5 10. Qe2 b4 11. e5 a5 12. Nb3 c4 13. Nc5 cxd3 14. Qxd3 Qc7 15. Bf4 Nxe5 16. Nxe5 Qxc5 17. cxb4 Qxb4 18. a3 Qb6 19. Rab1 Ba6 20. Qd2 Rfd8 21. b4 a4 22. Rec1 Rac8 23. Rxc8 Nxc8 24. Rc1 Bb5 25. Ng4 Nd6 26. Nh6+ Kf8 27. Be3 d4 28. Bg5 f6 29. Bh4 e5 30. Ng4 Nc4 31. Qa2 g5 32. Rxc4 Bxc4 33. Qxc4 gxh4 34. b5 d3 35. Bd5 d2 36. Ne3 Qd6 37. Qe2 f5 38. Qxd2 f4 39. gxf4 exf4 0-1

[Event "ESP-ch Rapid 2018"]
[Site "Linares"]
[Date "2018.08.19"]
[Round "1"]
[White "Costa Tejedor, Juan Carlos"]
[Black "Calzetta Ruiz, Monica"]
[Result "0-1"]
[ECO "B34"]
[WhiteElo "1817"]
[BlackElo "2302"]
[Annotator "NA"]
[PlyCount "64"]
[EventDate "2018.08.19"]
[EventType "team-tourn"]
[EventCountry "ESP"]
[SourceTitle "playchess.com"]
[Source "ChessBase"]
[SourceQuality "1"]
[TimeControl "900+5"]

1. e4 c5 2. Nf3 Nc6 3. d4 cxd4 4. Nxd4 g6 5. Nc3 Bg7 6. Be3 Nf6 7. Be2 O-O 8. O-O d5 9. exd5 Nxd5 10. Nxd5 Qxd5 11. Bf3 Qc4 12. Nxc6 bxc6 13. c3 Be6 14. Qc2 Rfd8 15. Rfd1 Rxd1+ 16. Qxd1 a5 17. g3 a4 18. Be2 Qd5 19. Qxd5 cxd5 20. Bc5 Bf6 21. Bf3 Rb8 22. Ba3 d4 23. cxd4 Bxd4 24. Bxe7 Rxb2 25. Rd1 Bxf2+ 26. Kh1 Bb6 27. a3 Kg7 28. Bb4 Rxb4 29. axb4 a3 30. Ra1 a2 31. b5 Bd4 32. Rxa2 Bxa2 0-1

[Event "ESP-ch Rapid 2018"]
[Site "Linares"]
[Date "2018.08.19"]
[Round "1"]
[White "Mohamed Garcia, Ismael"]
[Black "Beltran De Heredia E, Miguel"]
[Result "0-1"]
[ECO "A45"]
[WhiteElo "1814"]
[BlackElo "2229"]
[Annotator "NA"]
[PlyCount "86"]
[EventDate "2018.08.19"]
[EventType "team-tourn"]
[EventCountry "ESP"]
[SourceTitle "playchess.com"]
[Source "ChessBase"]
[SourceQuality "1"]
[TimeControl "900+5"]

1. d4 Nf6 2. Bf4 e6 3. e3 c5 4. c3 Nc6 $11 5. Nd2 d5 6. Bd3 Bd6 7. Bg3 O-O 8. Ngf3 b6 9. Ne5 Bb7 10. O-O Qc7 11. Ndf3 h6 12. Rc1 Nd7 13. Nxd7 Qxd7 14. Bxd6 Qxd6 15. Bb1 Rad8 16. Qc2 f5 17. Rfd1 c4 18. b4 b5 19. a4 a6 20. Qe2 g5 21. h3 Qe7 22. Bc2 Qf6 23. axb5 axb5 24. Ra1 Ra8 25. Qe1 Kg7 26. Rxa8 Rxa8 27. Ra1 Qd8 28. Qb1 Qb8 29. Rxa8 Qxa8 30. g4 fxg4 31. hxg4 Qa3 32. Bh7 Ne7 33. Qc2 Bc6 34. Ne5 Be8 35. f4 Qa1+ 36. Kg2 Qe1 37. f5 Kxh7 38. f6+ Ng6 39. f7 Bxf7 40. Nxf7 Kg7 41. Nd6 Nh4+ 42. Kh2 Qxe3 43. Nxb5 Nf3+ 0-1